 Dungeon Crawl Stone Soup version 0.20.0-15-g7f486f2 (webtiles) character file.

56 vishdafish the Charmwright (level 3, 0/29 HPs)
             Began as a Draconian Skald on June 29, 2017.
             Killed from afar by Crazy Yiuf (3 damage)
             ... with a wand of flame (?/48)
             ... on level 2 of the Dungeon.
             The game lasted 00:02:58 (1684 turns).

vishdafish the Charmwright (Draconian Skald)        Turns: 1684, Time: 00:02:59

Health: 0/29       AC:  6    Str: 13    XL:     3   Next: 69%
Magic:  0/6        EV: 12    Int: 14    God:
Gold:   51         SH:  0    Dex: 10    Spells: 5/6 levels left

rFire    . . .     SeeInvis .   a - +0 spear
rCold    . . .     Gourm    .   (no shield)
rNeg     . . .     Faith    .   (armour unavailable)
rPois    .         Spirit   .   (helmet restricted)
rElec    .         Reflect  .   (no cloak)
rCorr    .         Harm     .   (no gloves)
MR       .....                  l - +0 pair of boots
Stlth    +.........             (no amulet)
Regen    0.1/turn               (no ring)
MPRegen  0.1/turn               (no ring)

@: infused, hasted, very quick
A: unfitting armour, cold-blooded, AC +5
a: no special abilities


You were on level 2 of the Dungeon.
You were not hungry.

You visited 1 branch of the dungeon, and saw 2 of its levels.

You collected 51 gold pieces.

Inventory:

Hand Weapons
 a - a +0 spear (weapon)
Missiles
 g - 100 stones (quivered)
Armour
 e - a +0 shield
 l - a +0 pair of boots (worn)
Scrolls
 d - 2 scrolls of remove curse {unknown}
 f - 4 scrolls of identify {unknown}
 h - a scroll of magic mapping {unknown}
 k - a scroll of fog {unknown}
Books
 b - a book of Battle

   Spells                             Type                      Level
   a - Infusion                       Charms                       1
   b - Shroud of Golubria             Charms/Translocation         2
   c - Song of Slaying                Charms                       2
   d - Spectral Weapon                Hexes/Charms                 3
   e - Regeneration                   Charms/Necromancy            3
Comestibles
 c - a bread ration
 j - 3 fruits


   Skills:
 + Level 2.2 Fighting
 + Level 2.2 Polearms
 + Level 2.5 Dodging
 + Level 1.0 Shields
 * Level 2.3 Spellcasting
 + Level 3.3 Charms


You had 5 spell levels left.
You knew the following spells:

 Your Spells              Type           Power        Failure   Level  Hunger
a - Infusion              Chrm           ##..         6%          1    #......


Dungeon Overview and Level Annotations

Branches:
Dungeon (2/15)

Altars:

Annotations:
D:2 Crazy Yiuf


Innate Abilities, Weirdness & Mutations

Your plain brown scales are hard. (AC +5)
You cannot fit into any form of body armour.
You are cold-blooded and may be slowed by cold attacks.


Message History

Crazy Yiuf is moderately wounded.
Crazy Yiuf hits you with a quarterstaff of chaos!
You feel your power leaking away.
You hit Crazy Yiuf but do no damage.
Crazy Yiuf is moderately wounded.
Crazy Yiuf hits you with a quarterstaff of chaos!
You feel yourself speed up.
You hit Crazy Yiuf but do no damage.
Crazy Yiuf is moderately wounded.
Crazy Yiuf zaps a wand.
The puff of flame hits you!
* * * LOW HITPOINT WARNING * * *
You hit Crazy Yiuf.
Crazy Yiuf is moderately wounded.
You hit Crazy Yiuf.
Crazy Yiuf is heavily wounded.
Crazy Yiuf hits you but does no damage.
You barely miss Crazy Yiuf.
Crazy Yiuf is heavily wounded.
Crazy Yiuf zaps a wand.
The puff of flame hits you!
You die...

#......##
#.##########
#.####.#
#..........## #.#
#.# #.########..#
#.# #.# ### ##.#
..# #.#### #.#
### #....# #.##
#)#### ####
####..# ######.#
#)..### ##.....#
.......#
#..g@.####......#
########
#...##..#......##
#### ###.#....##
########


You could see Crazy Yiuf.

Vanquished Creatures
  2 adders (D:2)
  A dart slug (D:1)
  A leopard gecko (D:1)
  A giant cockroach (D:1)
  A goblin (D:2)
  6 hobgoblins
  2 jackals (D:1)
  4 bats (D:1)
  5 frilled lizards
  7 kobolds
  7 rats
37 creatures vanquished.

Vanquished Creatures (others)
  A plant (D:1)
1 creature vanquished.

Grand Total: 38 creatures vanquished

Notes
Turn   | Place    | Note
-------+----------+-------------------------------------------
     0 | D:1      | vishdafish the Draconian Skald began the quest for the Orb.
     0 | D:1      | Reached XP level 1. HP: 17/17 MP: 3/3
   220 | D:1      | Reached skill level 3 in Charms
   223 | D:1      | Reached XP level 2. HP: 18/24 MP: 5/5
   784 | D:1      | Reached XP level 3. HP: 24/29 MP: 6/6
  1010 | D:2      | Reached skill level 1 in Shields
  1600 | D:2      | Found a runed door.
  1676 | D:2      | Noticed Crazy Yiuf
  1684 | D:2      | Killed from afar by Crazy Yiuf

Skill      XL: |  1  2  3 |
---------------+----------+-----
Charms         | 3 |  3.3
Shields        | 1 |  1.0
Fighting       | |  2.2
Polearms       | |  2.2
Dodging        | |  2.5
Spellcasting   | |  2.3

Action                   || total
-------------------------++-------
Melee: Spear             ||   189
       Tailslap          ||    17
 Cast: Infusion          ||     2
  Use: Potion            ||     1
 Stab: Sleeping          ||     2
  Eat: Meat ration       ||     1
Armor: Skin              ||    37
Dodge: Dodged            ||    80
